 Dungeon Crawl Stone Soup version 0.20-a0-555-gf6ae02d (webtiles) character file.

49 Lahna the Skirmisher (level 4, -3/37 HPs)
             Began as a Formicid Abyssal Knight on Feb 7, 2017.
             Was a Follower of Lugonu.
             Slain by a worm (10 damage)
             ... on level 2 of the Dungeon.
             The game lasted 00:02:45 (1472 turns).

Lahna the Skirmisher (Formicid Abyssal Knight)      Turns: 1472, Time: 00:02:45

Health: -3/37      AC:  3    Str: 18    XL:     4   Next: 1%
Magic:  6/6        EV: 10    Int: 11    God:    Lugonu [*.....]
Gold:   54         SH:  2    Dex:  6    Spells: 3/3 levels left

rFire    . . .     SeeInvis +   a - +2 spear
rCold    . . .     Gourm    .   b - +0 leather armour
rNeg     . . .     Faith    .   p - +0 buckler
rPois    .         Spirit   .   (helmet unavailable)
rElec    .         Reflect  .   (no cloak)
rCorr    .         Harm     .   (no gloves)
MR       .....                  (no boots)
Stlth    +.........             (no amulet)
Regen    0.2/turn               (no ring)
                                i - -4 ring of dexterity (curse)

@: no status effects
A: permanent stasis, dig shafts and tunnels, four strong arms, antennae 3
a: Dig, Shaft Self, Depart the Abyss, Renounce Religion


You were on level 2 of the Dungeon.
You worshipped Lugonu.
Lugonu was aware of your devotion.
You were not hungry.

You visited 1 branch of the dungeon, and saw 2 of its levels.
You visited the Abyss 1 time.

You collected 54 gold pieces.

Inventory:

Hand Weapons
 a - a +2 spear (weapon)
Armour
 b - a +0 leather armour (worn)
 p - a +0 buckler (worn)
Jewellery
 i - a cursed -4 ring of dexterity (left hand)
Scrolls
 d - a scroll of enchant weapon
 k - a scroll of magic mapping
Potions
 g - a potion of agility
 j - a potion of flight {unknown}
 l - a potion of lignification {unknown}
 o - 2 potions of haste
Comestibles
 c - 3 bread rations
 f - a chunk of flesh
 m - a meat ration


   Skills:
 + Level 3.8 Fighting
 + Level 2.4 Polearms
 + Level 2.7 Armour
 - Level 1.0 Dodging
 + Level 0.2 Shields
 - Level 3.0 Invocations


You had 3 spell levels left.
You didn't know any spells.

Dungeon Overview and Level Annotations

Branches:
Dungeon (2/15)

Altars:


Innate Abilities, Weirdness & Mutations

You cannot be hasted, slowed, berserked, paralysed or teleported.
You can dig through walls and to a lower floor.
Your four strong arms can wield two-handed weapons with a shield.
You have a pair of large antennae on your head. (SInv)


Message History

The worm is heavily wounded.
The worm closely misses you.
You hit the worm.
The worm is heavily wounded.
The worm bites you!
* * * LOW HITPOINT WARNING * * *
You are too injured to fight recklessly!
You are too injured to fight recklessly!
Your shield prevents you from hitting the worm.
The worm is heavily wounded.
You hit the worm.
The worm is severely wounded.
The worm bites you!
* * * LOW HITPOINT WARNING * * *
You barely miss the worm.
The worm is severely wounded.
You hit the worm but do no damage.
The worm is severely wounded.
The worm bites you!
You die...

#.###........#.##*****,,,,*******
##....#######....# *,,,,,,*
#......# #......#####+#,,,,*
#......# #.###.........,,,,*
.......# #.# #.........,,,,*
.####.#####.# #.........,,,,* .#
#.......# #.......#**,,,* .#
######### ##'######***,,* .#
#.@....#,,,,,* ## #.w....#*,*,,**
* #......#*,**,,*
#.....#...,*,,** #.....+,..,*,,,*
#.....#,,.,**,,*****
#.....#,,,,**,,,,,,* *
#.....#******,,,,,,* *
*,,,,,,,,,,**,,,,,,*


You could see a worm.

Vanquished Creatures
  An adder (D:2)
  A worm (D:2)
  A dart slug (D:1)
  A leopard gecko (D:1)
  A ball python (D:1)
  A giant cockroach (D:1)
  4 goblins (D:1)
  2 hobgoblins (D:1)
  3 jackals (D:1)
  A quokka (D:2)
  3 bats (D:1)
  5 frilled lizards (D:1)
  6 kobolds (D:1)
  3 rats (D:1)
33 creatures vanquished.

Notes
Turn   | Place    | Note
-------+----------+-------------------------------------------
     0 | Abyss:1  | Lahna the Formicid Abyssal Knight began the quest for the Orb.
     0 | Abyss:1  | Reached XP level 1. HP: 18/18 MP: 2/2
     2 | Abyss:1  | Found a corrupted altar of Lugonu.
    63 | D:1      | Escaped the Abyss
    73 | D:1      | Reached skill level 1 in Dodging
   161 | D:1      | Reached * piety under Lugonu
   227 | D:1      | Reached XP level 2. HP: 23/24 MP: 3/3
   574 | D:1      | Reached XP level 3. HP: 21/29 MP: 3/5
  1452 | D:2      | Reached XP level 4. HP: 27/37 MP: 6/6
  1472 | D:2      | Slain by a worm

Vault maps used:
D:1:      dpeg_arrival_simpleton_a, serial_bayou_pond_e, st_stairs_12
D:2:      serial_bayou, serial_bayou_lagoon_a, serial_bayou_pond_a,
          serial_bayou_shore_b, serial_bayou_pond_b, grunt_qazlal_clouds

Skill      XL: |  1  2  3 |
---------------+----------+-----
Dodging        | 1 |  1.0
Invocations    | 3 |  3.0
Fighting       | |  3.8
Polearms       | |  2.4
Armour         | |  2.7
Shields        | |  0.2

Action                   |  1- 3 |  4- 6 || total
-------------------------+-------+-------++-------
Melee: Spear             |   111 |    10 ||   121
Invok: Depart the Abyss  |     1 |       ||     1
  Use: Scroll            |     7 |       ||     7
  Eat: Chunk             |     1 |     1 ||     2
Armor: Leather armour    |    18 |       ||    18
Dodge: Dodged            |    41 |     1 ||    42
Block: Buckler           |     4 |       ||     4
